Map: Prion Terraces

Players

Fayt

  • Race: Zerg Zerg

svirre

  • Race: Zerg Zerg

CaveMan

  • Race: Zerg Zerg

Roax

  • Race: Zerg Zerg

VOD

Have the link to the VOD?

Description

Time

  • Played on: Nov. 11, 2015, 3:20 p.m.
  • Length: 4:08
Show
View Real Time Build Order
Export as new Build Order

Fayt Zerg 

Build Orders: Hatch First 

Get SALT Encoding   

  12  0:01  Drone  
  13  0:10  Drone  
  14  0:17  Overlord  
  14  0:25  Extractor  
  14  0:26  Drone  
  14  0:35  Drone x2  
  16  0:44  Drone  
  17  0:55  Drone  
  18  1:06  Drone  
  18  1:07  Hatchery  
  18  1:21  Drone  
  19  1:26  Spawning Pool  
  19  1:28  Overlord  
  18  1:39  Drone  
  19  1:49  Drone  
  20  2:01  Extractor  
  20  2:06  Drone  
  20  2:11  Drone  
  20  2:13  Queen  
  23  2:16  Metabolic Boost  
  23  2:20  Drone, Queen  
  26  2:30  Drone  
  26  2:32  Drone x2, Spine Crawler  
  28  2:41  Drone  
  28  2:43  Drone  
  30  2:53  Zergling x2  
  31  3:00  Zergling x2  
  32  3:07  Roach Warren  
  32  3:08  Drone, Spine Crawler  
  32  3:10  Drone  
  32  3:14  Queen  
  34  3:25  Drone x2  
  36  3:28  Overlord x2  
  36  3:41  Overlord x2  
Show
View Real Time Build Order
Export as new Build Order

svirre Zerg 

Build Orders: Pool First 

Get SALT Encoding   

  12  0:02  Drone  
  13  0:09  Drone  
  14  0:17  Overlord  
  14  0:33  Spawning Pool  
  13  0:38  Drone  
  15  0:42  Drone  
  15  0:51  Drone  
  15  0:55  Drone  
  17  1:02  Extractor  
  16  1:04  Drone  
  17  1:13  Drone  
  18  1:20  Queen  
  18  1:23  Drone  
  21  1:50  Drone  
  21  1:52  Overlord  
  22  1:59  Hatchery  
  21  2:03  Overlord  
  21  2:05  Metabolic Boost  
  22  2:08  Zergling x2  
  22  2:21  Drone  
  23  2:30  Zergling x2  
  23  2:31  Zergling x4  
  23  2:32  Zergling x2  
  27  2:40  Zergling x2  
  28  2:46  Extractor  
  27  2:51  Evolution Chamber  
  27  2:53  Zergling x2  
  27  3:03  Zergling x8  
  31  3:17  Drone  
  32  3:22  Drone  
  32  3:26  Drone x2  
  35  3:30  Queen  
  37  3:37  Zergling x2  
  37  3:40  Drone  
Show
View Real Time Build Order
Export as new Build Order

CaveMan Zerg 

Build Orders:  

Get SALT Encoding   

Show
View Real Time Build Order
Export as new Build Order

Roax Zerg 

Build Orders:  

Get SALT Encoding   

Tags
 
Add a new tag
Caveats
  • Supply blocks, unpowered buildings, or Contaminate may cause inaccurate times.
  • Supply counts are checked every 10 seconds.